 Dungeon Crawl Stone Soup version 0.29.1-2-gbd0b4ee654 (webtiles) character file.

Game seed: 14066388425558585986

490 warriortoast the Conjurer (level 6, 0/32 HPs)
             Began as a Deep Elf Conjurer on Oct 31, 2022.
             Killed from afar by Ijyb (14 damage)
             ... with an iceblast
             ... on level 4 of the Dungeon.
             The game lasted 00:18:17 (4851 turns).

warriortoast the Conjurer (Deep Elf Conjurer)       Turns: 4851, Time: 00:18:18

Health: 0/32       AC:  7    Str:  6    XL:     6   Next: 90%
Magic:  2/16       EV: 12    Int: 23    God:
Gold:   110        SH:  0    Dex: 13    Spells: 1/16 levels left

rFire   . . .      SeeInvis .   d - +1 dagger (protect)
rCold   . . .      Faith    .   (no shield)
rNeg    . . .      Spirit   .   a - +0 robe
rPois   +          Reflect  .   (no helmet)
rElec   .          Harm     .   (no cloak)
rCorr   .          Rampage  .   (no gloves)
Will    .....                   p - +0 pair of boots
Stlth   +++.......              (no amulet)
HPRegen 0.10/turn               m - +4 ring of protection
MPRegen 0.15/turn               j - ring of poison resistance

@: no status effects
A: no striking features
a: no special abilities


You were on level 4 of the Dungeon.
You visited 1 branch of the dungeon, and saw 5 of its levels.

You collected 182 gold pieces.
You spent 72 gold pieces at shops.

Inventory:

Hand Weapons
 d - a +1 dagger of protection (weapon)
Armour
 a - a +0 robe (worn)
 p - a +0 pair of boots (worn)
Jewellery
 j - a ring of poison resistance (right hand)
 m - a +4 ring of protection (left hand)
 s - a +4 ring of protection
 v - the ring of Incredulity {*Corrode Fly Dex+3 Slay+2 Stlth+}
   (You found it on level 4 of the Dungeon)

   [ring of flight]

   Dex:       It affects your dexterity (+3).
   Slay:      It affects your accuracy & damage with ranged weapons and melee
   (+2).
   Fly:       It grants you flight.
   *Corrode:  It may corrode you when you take damage.
   Stlth:     It makes you more stealthy.
Scrolls
 c - a scroll of noise {unknown}
 e - 2 scrolls of poison {unknown}
 f - 5 scrolls of identify
 k - a scroll of magic mapping {unknown}
 o - a scroll of vulnerability {unknown}
 r - a scroll of blinking {unknown}
 t - a scroll of immolation {unknown}
 u - a scroll of torment {unknown}
 x - a scroll of teleportation {unknown}
Potions
 b - a potion of magic
 g - 3 potions of might {unknown}
 h - a potion of degeneration {unknown}
 i - 2 potions of flight {unknown}
 l - a potion of heal wounds {unknown}
 n - a potion of brilliance {unknown}
 q - 2 potions of invisibility {unknown}
 w - a potion of curing {unknown}


   Skills:
 - Level 2.4 Dodging
 + Level 4.2 Stealth
 + Level 5.9 Spellcasting
 + Level 6.1 Conjurations
 + Level 3.5 Hexes
 - Level 2.3 Fire Magic


You had one spell level left.
You knew the following spells:

 Your Spells              Type           Power      Damage    Failure   Level
a - Magic Dart            Conj           100%       1d8       1%          1
b - Dazzling Flash        Conj/Hex       58%        N/A       3%          3
c - Conjure Flame         Conj/Fire      26%        6-21      4%          3
d - Fulminant Prism       Conj/Hex       14%        3d9       12%         4
e - Iskenderun's Mystic   Conj/Tloc      21%        2d6       24%         4

Your spell library contained the following spells:

 Spells                   Type           Power      Damage    Failure   Level
 Shock                    Conj/Air       84%        1d8       2%          1
 Searing Ray              Conj           70%        2d7       1%          2
 Ignite Poison            Fire/Tmut/Pois 10%        N/A       19%         3


Dungeon Overview and Level Annotations

Branches:
Dungeon (5/15)
 Temple: D:4-7

Altars:

Shops:
D:2 ?   D:4 :(!=

Annotations:
D:4 Dowan, Duvessa, Ijyb


Message History

Ijyb is severely wounded.
Ijyb is no longer blind.
Ijyb hits you but does no damage. The gnoll closely misses you.
Okay, then.
Okay, then.
Okay, then.
Casting: Dazzling Flash (dangerous; 3% risk of failure)
Confirm with . or Enter, or press ? or * to list all spells.
Okay, then.
Okay, then.
Casting: Dazzling Flash (dangerous; 3% risk of failure)
Confirm with . or Enter, or press ? or * to list all spells.
Casting: Dazzling Flash (dangerous; 3% risk of failure)
Press: ? - help, Dir - look around, f - activate Ijyb is dazzled.
The gnoll is dazzled.
Ijyb barely misses you. The gnoll closely misses you.
You barely miss Ijyb.
Ijyb is severely wounded.
The gnoll closely misses you.
The gnoll is no longer blind.
The gnoll attacks as you move away! The gnoll barely misses you.
You are too injured to fight recklessly!
You are too injured to fight recklessly!
Casting: Dazzling Flash (dangerous; 3% risk of failure)
Confirm with . or Enter, or press ? or * to list all spells.
Aiming: Magic Dart (safe; 1% risk of failure)
Press: ? - help, Shift-Dir - straight line, f - gnoll
Aim: a gnoll, wielding a +0 flail (severely wounded, 100% to hit)
The magic dart hits the gnoll.
The gnoll is almost dead.
The gnoll closely misses you.
Casting: Magic Dart (safe; 1% risk of failure)
Confirm with . or Enter, or press ? or * to list all spells.
Aiming: Magic Dart (safe; 1% risk of failure)
Press: ? - help, Shift-Dir - straight line, f/p - gnoll
Aim: a gnoll, wielding a +0 flail (almost dead, 100% to hit)
The magic dart hits the gnoll.
You kill the gnoll!
Ijyb zaps a wand.
The mass of ice explodes!
The iceblast engulfs you!
You die...

# ##.#...#)#.## ######.#..
## ###..#...## #.#.# .#
##.###g## ##.#.#
######+####..# #.# #.....
.............# #.# ##.###
....##......## #.# ###
.#.###.##..## #.#
.#.....##..# #.#
...#)#.##..#####@######
.#....................#
.#........∩.##.###.##.#
####........#..# #.##.#
.#..........#..###.##.# #
.#................###.####
..
............#.#..........#
.#
#.###.......#.#######.##.#
#.# #.###.......#.# #.##.#
#.#


You could see Ijyb.

Vanquished Creatures
  A black bear (D:4)
  An ogre (D:4)
  A jelly (D:4)
  2 hounds
  An orc priest (D:3)
  3 gnolls (D:4)
  4 adders
  A worm (D:4)
  4 dart slugs
  9 orcs
  5 ball pythons
  5 bats
  8 endoplasms
  5 giant cockroaches
  10 goblins
  10 hobgoblins
  2 jackals (D:1)
  6 kobolds
  4 quokkas
  3 frilled lizards
  2 rats
87 creatures vanquished.

Notes
Turn   | Place    | Note
-------+----------+-------------------------------------------
     0 | D:1      | warriortoast the Deep Elf Conjurer began the quest for the
                  | Orb.
     0 | D:1      | Reached XP level 1. HP: 10/10 MP: 6/6
   162 | D:1      | Reached XP level 2. HP: 15/15 MP: 5/8
   713 | D:1      | Reached skill level 5 in Conjurations
   713 | D:1      | Reached XP level 3. HP: 19/19 MP: 7/10
  1434 | D:2      | Identified the +0 leather armour "Miyvvukh" {Harm Dex+5}
  1487 | D:2      | Learned a level 3 spell: Dazzling Flash
  1594 | D:2      | Found a faded altar of an unknown god.
  1866 | D:2      | Found Diutybet's Magic Scroll Emporium.
  1889 | D:2      | Bought a scroll of identify for 24 gold pieces
  1889 | D:2      | Bought a scroll of identify for 24 gold pieces
  1889 | D:2      | Bought a scroll of identify for 24 gold pieces
  1930 | D:3      | Reached XP level 4. HP: 24/24 MP: 9/12
  2125 | D:3      | Got the Spellbook of Mutated Conflict
  2130 | D:3      | Learned a level 3 spell: Conjure Flame
  2142 | D:3      | Reached skill level 1 in Hexes
  2498 | D:4      | Found Watzepun's Jewellery Boutique.
  3268 | D:3      | Reached skill level 5 in Spellcasting
  3268 | D:3      | Reached skill level 1 in Fire Magic
  3268 | D:3      | Reached XP level 5. HP: 28/28 MP: 6/14
  3354 | D:4      | Noticed a black bear
  3376 | D:4      | Found Udosk's Distillery.
  3409 | D:4      | Found Dohotwia's Weapon Boutique.
  3486 | D:4      | Noticed an ogre
  3521 | D:4      | Identified the ring of Incredulity {*Corrode Fly Dex+3
                  | Slay+2 Stlth+}
  3538 | D:4      | Killed a black bear
  3539 | D:4      | Reached XP level 6. HP: 32/32 MP: 4/16
  3636 | D:4      | Found Qyrusod's Book Shoppe.
  3751 | D:4      | Noticed Duvessa
  3751 | D:4      | Noticed Dowan
  4074 | D:4      | Learned a level 4 spell: Fulminant Prism
  4079 | D:4      | Learned a level 4 spell: Iskenderun's Mystic Blast
  4089 | D:4      | Reached skill level 6 in Conjurations
  4116 | D:4      | Noticed Ijyb
  4758 | D:5      | Entered Level 5 of the Dungeon
  4851 | D:4      | Killed from afar by Ijyb

Illustrated notes

Levels and vault maps discovered:
D:1:      dpeg_arrival_tiny_b, layout_basic
D:2:      layout_rooms, serial_shops, nicolae_lakefront_shop,
          ebering_ecumenical_altar_box
D:3:      layout_loops_cross
D:4:      layout_loops_ring, serial_shops, shop, shop_statue, shop,
          kennysheep_little_box, minmay_quadrilaterals, uniq_duvessa, uniq_ijyb
D:5:      layout_cave_pods, minmay_temple_entry_large_hall, uniq_sigmund,
          uniq_menkaure

Skill      XL: |  1  2  3  4  5  6 |
---------------+-------------------+-----
Spellcasting   | 4 5 |  5.9
Conjurations   | 5 6 |  6.1
Hexes          | 1 2 3 |  3.5
Fire Magic     | 1 2 |  2.3
Stealth        | 3 4 |  4.2
Dodging        | |  2.4

Action                   |  1- 3 |  4- 6 || total
-------------------------+-------+-------++-------
Melee: Dagger            |       |     4 ||     4
 Cast: Magic Dart        |    77 |   144 ||   221
       Conjure Flame     |       |     6 ||     6
       Dazzling Flash    |       |     3 ||     3
Armor: Robe              |       |     7 ||     7
Dodge: Dodged            |     4 |    21 ||    25
